 Dungeon Crawl Stone Soup version 0.31-a0-472-g43a2ca8e1b (webtiles) character file.

Game seed: 17938324371596934993

60463 MacCMillion the Summoner (level 14, -2/92 HPs)
             Began as a Tengu Summoner on Aug 6, 2023.
             Was a High Priest of Sif Muna.
             Slain by a two-headed ogre
             ... wielding a +0 giant club
              (5 damage)
             ... on level 2 of the Orcish Mines.
             The game lasted 01:12:50 (24420 turns).

MacCMillion the Summoner (Tengu Summoner)          Turns: 24420, Time: 01:12:50

Health: -2/92      AC:  7    Str:  9    XL:     14   Next: 99%
Magic:  20/29      EV: 20    Int: 20    God:    Sif Muna [*****.]
Gold:   1628       SH:  0    Dex: 15    Spells: 10/34 levels left

rFire   + . .        J - +5 spear
rCold   . . .        (no shield)
rNeg    . . .        L - +0 troll leather armour
rPois   +            (helmet restricted)
rElec   .            M - +0 cloak
rCorr   .            K - +2 pair of gloves
SInv    .            (boots unavailable)
Will    +....        (no amulet)
Stlth   ++           d - ring of poison resistance
HPRegen 1.15/turn    O - ring of protection from fire
MPRegen 0.21/turn

%: no passive effects
@: flying quickly and evasively, quick
A: beak, talons 3, nimble flight
a: Renounce Religion, Channel Magic, Forget Spell, Divine Exegesis


You were on level 2 of the Orcish Mines.
You worshipped Sif Muna.
Sif Muna was extremely pleased with you.
You visited 4 branches of the dungeon, and saw 19 of its levels.

You collected 1746 gold pieces.
You spent 118 gold pieces at shops.

Inventory:

Hand Weapons
 j - a +0 dagger
 s - a +0 spear
 J - a +5 spear (weapon)
Missiles
 f - 8 poisoned darts
 D - 2 throwing nets
Armour
 K - a +2 pair of gloves (worn)
 L - a +0 troll leather armour (worn)
 M - a +0 cloak (worn)
Jewellery
 d - a ring of poison resistance (left hand)
 i - a ring of ice
 O - a ring of protection from fire (right hand)
 U - a ring of positive energy
Wands
 t - a wand of digging (14)
 v - a wand of polymorph (6)
 B - a wand of quicksilver (12)
 C - a wand of roots (28)
 S - a wand of paralysis (14)
Scrolls
 c - 12 scrolls of teleportation
 k - 5 scrolls of fear
 m - 5 scrolls of immolation
 o - a scroll of brand weapon
 q - 2 scrolls of enchant armour
 r - 3 scrolls of amnesia
 u - a scroll of enchant weapon
 w - 2 scrolls of torment
 y - 2 scrolls of summoning
 A - 3 scrolls of revelation
 F - a scroll of blinking
 G - a scroll of fog
 N - 2 scrolls of identify
 P - a scroll of silence {unknown}
 X - a scroll of vulnerability {unknown}
 Y - a scroll of acquirement {unknown}
Potions
 b - 2 potions of magic
 e - 4 potions of curing
 g - 3 potions of lignification
 h - 5 potions of degeneration
 l - 3 potions of might
 p - a potion of haste
 x - a potion of cancellation
 z - 2 potions of brilliance
 E - a potion of experience
 I - a potion of enlightenment {unknown}
 Q - a potion of attraction
 R - a potion of berserk rage {unknown}
 V - 2 potions of resistance {unknown}
 W - 2 potions of mutation {unknown}
Miscellaneous
 Z - a phantom mirror


   Skills:
 + Level 12.1 Fighting
 - Level 12.0 Dodging
 - Level 4.0 Stealth
 + Level 10.7 Spellcasting
 - Level 5.0 Hexes
 + Level 14.4 Summonings
 + Level 11.1 Necromancy
 - Level 5.0 Air Magic


You had 10 spell levels left.
You knew the following spells:

 Your Spells              Type           Power      Damage    Failure   Level
a - Summon Small Mammal   Summ           100%       N/A       1%          1
b - Call Imp              Summ           100%       N/A       1%          2
c - Call Canine Familiar  Summ           62%        N/A       1%          3
d - Summon Guardian Gole  Hex/Summ       49%        N/A       1%          3
e - Summon Lightning Spi  Summ/Air       49%        N/A       1%          4
f - Haunt                 Necr/Summ      29%        N/A       38%         7
g - Anguish               Hex/Necr       21%        N/A       3%          4

Your spell library contained the following spells:

 Spells                   Type           Power      Damage    Failure   Level
 Slow                     Hex            100%       N/A       1%          1
 Vampiric Draining        Necr           53%        2d9       1%          3
 Animate Dead             Necr           53%        N/A       1%          4
 Dispel Undead            Necr           53%        3d19      1%          4
 Agony                    Necr           53%        N/A       2%          5
 Confusing Touch          Hex            30%        N/A       3%          3
 Poisonous Vapours        Pois/Air       40%        N/A       4%          2
 Animate Armour           Summ/Erth      78%        N/A       4%          4
 Foxfire                  Conj/Fire      40%        2x1d6     9%          1
 Freeze                   Ice            40%        1d6       9%          1
 Magic Dart               Conj           40%        1d5       9%          1
 Sting                    Tmut/Pois      40%        1d5       9%          1
 Dazzling Flash           Conj/Hex       40%        N/A       10%         3
 Portal Projectile        Hex/Tloc       40%        N/A       10%         3
 Summon Forest            Summ/Tloc      19%        N/A       13%         5
 Lesser Beckoning         Tloc           20%        N/A       14%         2
 Mephitic Cloud           Conj/Pois/Air  17%        N/A       14%         3
 Death Channel            Necr           26%        N/A       14%         6
 Frozen Ramparts          Ice            20%        1d4       26%         3
 Gell's Gravitas          Tloc           10%        N/A       26%         3
 Hailstorm                Conj/Ice       10%        3d5       26%         3
 Teleport Other           Tloc           10%        N/A       26%         3
 Leda's Liquefaction      Hex/Erth       10%        N/A       32%         4
 Olgreb's Toxic Radiance  Pois           10%        N/A       65%         4
 Summon Horrible Things   Summ           31%        N/A       85%         8
 Plasma Beam              Fire/Air       10%        2x1d21    99%         6
 Malign Gateway           Summ/Tloc      19%        N/A       99%         7
 Infestation              Necr           26%        N/A       99%         8
 Starburst                Conj/Fire      5%         6d4       100%        6


Dungeon Overview and Level Annotations

Branches:
Dungeon (11/15)            Temple (1/1) D:5            Lair (5/5) D:10
  Swamp (0/4) Lair:3       Spider (0/4) Lair:2        Slime (0/5) Lair:4
    Orc (2/2) D:9             Elf (0/3) Orc:2

Altars:
Ashenzari
Cheibriados
Dithmenos
Elyvilon
Fedhas
Gozag
Hepliaklqana
Kikubaaqudgha
Makhleb
Nemelex Xobeh
Okawaru
Qazlal
Ru
Sif Muna
Trog
Uskayaw
Vehumet
Wu Jian
Xom
Yredelemnul
Zin
The Shining One
Jiyva

Shops:
D:3 (**[

Portals:
Abyss: Lair:1

Annotations:
D:4 Grinder
D:6 1 runed translucent door, Ethylacetat's ghost, novice OpSh
D:9 2 transporters, confidenceinterval's ghost, journeyman MfSh
Lair:1 2 transporters, greenbourne's ghost, journeyman SpEn


Innate Abilities, Weirdness & Mutations

You have a beak for a mouth.
You have claws for feet.
Your magical nature lets you fly swiftly and evasively.


Message History

The two-headed ogre dies!
Sif Muna accepts your kill.
Your warg bites the two-headed ogre!
The two-headed ogre dies!
Sif Muna accepts your kill.
Your Necromancy skill increases to level 11!
A two-headed ogre comes into view. It is wielding two +0 giant clubs.
Found 20 gold pieces.
Your warg closely misses the two-headed ogre.
The troll bites your guardian golem but does no damage.
The troll claws your guardian golem.
The troll is wracked by anguish.
The troll claws your guardian golem!
The troll is wracked by anguish!
An ogre comes into view. It is wielding a +0 giant spiked club.
A troll comes into view.
Your warg bites the two-headed ogre!
The two-headed ogre hits your guardian golem with a +0 giant spiked club!!
Your guardian golem is destroyed!
Your guardian golem disappears in a puff of smoke!
You hit the troll. Your kick misses the troll.
The troll is severely wounded.
Your warg bites the two-headed ogre!
The two-headed ogre dies!
Sif Muna accepts your kill. The troll misses you. The troll barely misses you.
The troll claws you but does no damage.
Your warg bites the two-headed ogre!
The troll closely misses you. The troll barely misses you.
The troll closely misses you. Something closely misses your warg.
Something hits your warg. The troll bites you!
* * * LOW HITPOINT WARNING * * *
The troll is wracked by anguish!
The troll claws you.
* * * LOW HITPOINT WARNING * * *
The troll is wracked by anguish.
The troll claws you.
* * * LOW HITPOINT WARNING * * *
The troll is wracked by anguish.
Your warg bites the troll!
The troll dies!
Sif Muna accepts your kill.
The troll leather armour is intact enough to wear.
The two-headed ogre hits you with a +0 giant club.
You die...

....... #.##
.......#####..$#
........$.#.#.#
..............#
.#........O..#.....$.
.............O....#
..................# #
..........T....T..##.##
..).).......##[#@.....#
...).).....).O)O#.##.##
...○☼.......)#.).##
...#.)....)).#...#
......<).....$).#.#
#.....[>.....#.....#
.#.#.......(.#....## #
##..#8...###..##
######### ###


You could see 3 two-headed ogres, 2 trolls and an ogre.

Vanquished Creatures
  A black mamba (Lair:4)
  A torpor snail (Lair:4)
  3 cane toads
  2 blink frogs
  A dream sheep (Lair:3)
  A slime creature (Lair:4)
  A yak (Lair:3)
  A water moccasin (Lair:4)
  A black bear (D:6)
  2 wolves (Lair:3)
  An ogre (Orc:2)
  A centaur (D:8)
  A phantom (D:5)
  2 bullfrogs (Lair:4)
  A lava snake (Lair:5)
  An orc priest (Orc:1)
  A hound (D:4)
  A gnoll (D:6)
  An adder (D:3)
  4 orcs
28 creatures vanquished.

Vanquished Creatures (collateral kills)
  A fire dragon (Lair:5)
  5 hydras
  A catoblepas (Lair:1)
  3 two-headed ogres
  5 death yaks (Lair:5)
  An orc high priest (Orc:1)
  Sonja (Lair:3)
  An orb spider (Lair:2)
  2 lindwurms (Lair:5)
  A cyclops (Orc:1)
  4 elephants (Lair:4)
  2 black mambas
  2 torpor snails (Lair:3)
  2 molten gargoyles (Lair:5)
  10 cane toads
  A kobold demonologist (D:11)
  12 komodo dragons
  3 rime drakes
  A queen bee (Lair:2)
  6 trolls
  3 polar bears
  12 blink frogs
  2 dream sheep (Lair:3)
  2 slime creatures (Lair:4)
  2 wraiths (D:10)
  A shadow (D:11)
  7 wyverns
  29 yaks
  2 steam dragons
  A basilisk (Lair:5)
  Menkaure (D:6)
  Edmund (D:6)
  2 acid dragons
  4 hell hounds (Lair:5)
  15 water moccasins
  6 orc warriors
  A sky beast (D:8)
  2 ice beasts
  A black bear (D:5)
  8 ogres
  2 centaurs
  11 wolves
  A phantom (D:5)
  A kobold brigand (D:9)
  10 bullfrogs
  3 gnoll sergeants
  2 scorpions
  8 wights
  14 killer bees
  5 howler monkeys
  4 lava snakes (Lair:5)
  3 hounds
  3 gnoll boudas
  8 orc priests
  5 iguanas
  A hell rat (Lair:4)
  11 orc wizards
  25 gnolls
  8 adders
  A shadow imp (D:7)
  An ufetubus (D:5)
  5 worms
  A dart slug (D:3)
  50 orcs
  3 endoplasms
  8 goblins
  5 hobgoblins
  4 jackals (D:1)
  5 quokkas
  3 ball pythons
  A bat (D:3)
  A frilled lizard (D:2)
  5 kobolds
  4 rats
  A butterfly (Lair:1)
389 creatures vanquished.

Vanquished Creatures (others)
  Josephine (D:10)
  Snorg (D:11)
  2 hydras (Lair:4)
  An ogre mage (Orc:2)
  A catoblepas (Lair:5)
  A two-headed ogre (Orc:2)
  A death yak (Lair:5)
  An orc high priest (Orc:1)
  2 skysharks (Lair:5)
  A cyclops (Orc:2)
  An orc sorcerer (Orc:1)
  2 elephants (Lair:4)
  3 black mambas
  3 cane toads
  4 komodo dragons
  A rime drake (Lair:4)
  A troll (Orc:2)
  2 blink frogs
  10 yaks
  A wraith (D:10)
  A shadow (D:10)
  A basilisk (Lair:4)
  2 wargs (Orc:1)
  A water moccasin (Lair:1)
  6 orc warriors
  4 ogres
  2 wolves
  2 bullfrogs (Lair:4)
  2 wights (D:10)
  5 killer bees (Lair:2)
  An electric eel (Lair:4)
  2 orc priests
  An orc wizard (D:8)
  4 orcs (Orc:1)
74 creatures vanquished.

Grand Total: 491 creatures vanquished

Notes
Turn   | Place    | Note
-------+----------+-------------------------------------------
     0 | D:1      | MacCMillion the Tengu Summoner began the quest for the Orb.
     0 | D:1      | Reached XP level 1. HP: 10/10 MP: 4/4
    50 | D:1      | Reached skill level 5 in Summonings
    89 | D:1      | Reached XP level 2. HP: 15/15 MP: 4/6
   534 | D:1      | Learned a level 2 spell: Call Imp
   793 | D:1      | Reached XP level 3. HP: 17/19 MP: 4/7
  1499 | D:2      | Learned a level 3 spell: Call Canine Familiar
  1509 | D:2      | Reached skill level 6 in Summonings
  1519 | D:2      | Reached XP level 4. HP: 24/24 MP: 4/9
  1916 | D:3      | Found Wewititraz's General Store.
  1920 | D:3      | Bought a scroll of teleportation for 36 gold pieces
  1920 | D:3      | Bought a scroll of identify for 24 gold pieces
  2003 | D:3      | Gained mutation: Your magical nature lets you fly swiftly
                  | and evasively. [Tengu growth]
  2003 | D:3      | Reached XP level 5. HP: 28/28 MP: 10/10
  2060 | D:3      | Reached skill level 7 in Summonings
  2206 | D:3      | Found Fylyastiesh's Armour Shop.
  2344 | D:3      | Found Quwevo's Antique Weapon Boutique.
  2593 | D:3      | Found Pethy's Assorted Antiques.
  2727 | D:4      | Noticed an ogre
  2734 | D:4      | Killed an ogre
  2735 | D:4      | Reached XP level 6. HP: 26/32 MP: 4/12
  2745 | D:4      | Reached skill level 8 in Summonings
  2772 | D:4      | Learned a level 4 spell: Summon Lightning Spire
  2907 | D:3      | Reached skill level 1 in Air Magic
  3107 | D:4      | Found a hide-covered altar of Uskayaw.
  3111 | D:4      | Noticed a +0 hand axe
  3112 | D:4      | Noticed a +0 dagger
  3158 | D:4      | Noticed Grinder
  3260 | D:4      | HP: 1/32 [gnoll/+0 spear[a gnoll bouda] (2)]
  3390 | D:4      | Reached XP level 7. HP: 26/36 MP: 8/14
  3718 | D:4      | Found a glowing silver altar of Zin.
  3720 | D:4      | Found a stormy altar of Qazlal.
  3720 | D:4      | Found an ancient bone altar of Kikubaaqudgha.
  3720 | D:4      | Found a broken altar of Ashenzari.
  3721 | D:4      | Found a hazy altar of Hepliaklqana.
  3723 | D:4      | Found a sparkling altar of Nemelex Xobeh.
  3725 | D:4      | Found an ornate altar of the Wu Jian Council.
  3749 | D:5      | Entered Level 5 of the Dungeon
  3784 | D:5      | Found a staircase to the Ecumenical Temple.
  3830 | Temple   | Entered the Ecumenical Temple
  3951 | Temple   | Became a worshipper of Sif Muna the Loreminder
  4534 | D:5      | Reached skill level 5 in Air Magic
  4727 | D:6      | Reached XP level 8. HP: 41/41 MP: 11/16
  4812 | D:6      | Reached skill level 5 in Spellcasting
  4812 | D:6      | Reached skill level 9 in Summonings
  4848 | D:6      | Learned a level 3 spell: Summon Guardian Golem
  5129 | D:6      | Noticed Edmund
  5283 | D:6      | Reached skill level 1 in Fighting
  5340 | D:6      | Reached skill level 1 in Hexes
  5344 | D:6      | Reached * piety under Sif Muna
  5358 | D:6      | Found a runed translucent door.
  5359 | D:6      | Noticed Ethylacetat's ghost (novice OpSh)
  5605 | D:6      | Noticed Menkaure
  5612 | D:6      | Killed Menkaure
  5626 | D:6      | Reached XP level 9. HP: 49/49 MP: 10/17
  5780 | D:6      | Killed Edmund
  5781 | D:6      | Reached skill level 10 in Summonings
  5952 | D:6      | Found a shadowy altar of Dithmenos.
  7421 | D:8      | Found an iron altar of Okawaru.
  7594 | D:8      | Identified the +0 scale mail "Irayce" {Contam Str+5 Slay+3}
  7763 | D:8      | Reached skill level 5 in Dodging
  7984 | D:8      | Reached ** piety under Sif Muna
  8702 | D:8      | Reached XP level 10. HP: 40/58 MP: 16/20
  8886 | D:9      | Noticed a catoblepas
  8889 | D:9      | Noticed confidenceinterval's ghost (journeyman MfSh)
  8889 | D:9      | Noticed a boulder beetle
  8917 | D:9      | Found a transporter.
  8921 | D:9      | Noticed a catoblepas
  8936 | D:9      | Found a transporter.
  8961 | D:9      | Reached skill level 11 in Summonings
  9104 | D:9      | Reached skill level 5 in Fighting
  9449 | D:9      | Reached *** piety under Sif Muna
  9925 | D:9      | Found a staircase to the Orcish Mines.
  9965 | D:10     | Entered Level 10 of the Dungeon
  9970 | D:10     | Found a staircase to the Lair.
 10311 | D:10     | Noticed Josephine
 10333 | D:10     | Killed Josephine
 10831 | D:10     | Noticed a two-headed ogre
 10844 | D:10     | Killed a two-headed ogre
 10845 | D:10     | Reached skill level 12 in Summonings
 10845 | D:10     | Reached XP level 11. HP: 66/66 MP: 9/23
 12292 | D:11     | Noticed Snorg
 12306 | D:11     | Killed Snorg
 12751 | D:11     | Reached **** piety under Sif Muna
 12932 | Lair:1   | Entered Level 1 of the Lair of Beasts
 13245 | Lair:1   | Noticed a tentacled starspawn
 13250 | Lair:1   | Found a one-way gate to the infinite horrors of the Abyss.
 13250 | Lair:1   | Noticed a green ugly thing
 13250 | Lair:1   | Noticed greenbourne's ghost (journeyman SpEn)
 13251 | Lair:1   | Noticed a thrashing horror
 13251 | Lair:1   | Noticed a white ugly thing
 13255 | Lair:1   | Found a transporter.
 13333 | Lair:1   | Noticed a catoblepas
 13351 | Lair:1   | Killed a catoblepas
 13565 | Lair:1   | Found a transporter.
 13642 | Lair:1   | Noticed a thrashing horror
 14237 | D:3      | Bought a +0 cloak for 58 gold pieces
 14648 | Lair:2   | Reached XP level 12. HP: 75/75 MP: 21/25
 14918 | Lair:2   | Found a hole to the Spider Nest.
 15143 | Lair:2   | Reached skill level 10 in Dodging
 15397 | Lair:2   | Noticed a five-headed hydra
 15411 | Lair:2   | Killed a five-headed hydra
 16450 | Lair:1   | Reached skill level 10 in Fighting
 16544 | Lair:1   | Reached skill level 10 in Spellcasting
 16913 | Lair:3   | Noticed a five-headed hydra
 16934 | Lair:3   | Killed a five-headed hydra
 16935 | Lair:3   | Reached skill level 1 in Necromancy
 17335 | Lair:3   | Learned a level 7 spell: Haunt
 17460 | Lair:3   | Reached ***** piety under Sif Muna
 17461 | Lair:3   | Reached XP level 13. HP: 82/82 MP: 22/28
 17463 | Lair:3   | Reached skill level 5 in Necromancy
 17580 | Lair:3   | Noticed Sonja
 17586 | Lair:3   | Killed Sonja
 17586 | Lair:3   | Received a gift from Sif Muna
 17615 | Lair:3   | Got Zolis's Incunable of Cooperative Execration {god gift}
 18272 | Lair:3   | Found a staircase to the Swamp.
 19628 | Lair:4   | Learned a level 4 spell: Anguish
 20230 | Lair:4   | Reached skill level 13 in Summonings
 20339 | Lair:4   | Found a staircase to the Slime Pits.
 20584 | Lair:4   | Found a viscous altar of Jiyva.
 20839 | Lair:4   | Reached XP level 14. HP: 90/90 MP: 24/29
 21236 | Lair:5   | Entered Level 5 of the Lair of Beasts
 21676 | Lair:5   | Reached skill level 10 in Necromancy
 21676 | Lair:5   | Received a gift from Sif Muna
 21759 | Lair:5   | Got Sif Muna's Octavo of Ectoplasm {god gift}
 22593 | Lair:5   | Reached skill level 5 in Hexes
 23051 | Lair:5   | Found a large runed translucent door.
 23051 | Lair:5   | Found a large runed translucent door.
 23723 | Lair:5   | Reached skill level 14 in Summonings
 24132 | Orc:1    | Entered Level 1 of the Orcish Mines
 24158 | Orc:1    | HP: 3/91 [smoke demon/divine providence[an orc high priest]
                  | (15)]
 24172 | Orc:1    | HP: 2/91 [ice devil[an orc high priest] (19)]
 24176 | Orc:1    | Received a gift from Sif Muna
 24377 | Orc:2    | Entered Level 2 of the Orcish Mines
 24377 | Orc:2    | Found a staircase to the Elven Halls.
 24419 | Orc:2    | HP: 2/92 [troll (5)]
 24420 | Orc:2    | Slain by a two-headed ogre

Illustrated notes

Levels and vault maps discovered:
D:1:      tarquinn_simple_flora_water_a, layout_loops_ring
D:2:      layout_basic
D:3:      layout_loops_ring, serial_shops, nicolae_shop_statue_plus,
          nicolae_shop_just_a_little_nook, shop, nicolae_shop_tiny_glass
D:4:      layout_cave_pools, minitemple, dancing_weapons_uskayaw, moated_statue,
          uniq_grinder
D:5:      layout_loops_ring, minmay_temple_entry_poolview
D:6:      layout_layer_cave, kennysheep_little_box,
          hellmonk_ghost_happy_afterlife, uniq_edmund, uniq_menkaure
D:7:      layout_basic
D:8:      gammafunk_indiana_jones, layout_loops_corners,
          okawaru_ov_weapons_minmay
D:9:      layout_roguey, david_orc_4, nzn_ghost_randoct
D:10:     minmay_goldmine, layout_cave_pods, lair_entry_dummy, uniq_josephine
D:11:     layout_irregular_city, uniq_snorg
Temple:   hellmonk_temple_forest_ring
Lair:1:   layout_small_grid, gammafunk_ghost_abyssal_escape,
          cheibrodos_lair_reptile_den, lemuel_fruit_tree, lemuel_fruit_fields
Lair:2:   layout_roguey [special_room_bee], nicolae_spider_entry_orb_guardian
Lair:3:   layout_regular_city, swamp_mist, chequers_serial_rivers_large_a,
          dreamdust_gnoll_shepherd, uniq_sonja
Lair:4:   nzn_winding_woodlands_stair_trap
          [nzn_winding_woodlands_5x15_concentric,
          nzn_winding_woodlands_5x15_twine,
          nzn_winding_woodlands_5x15_river_crossing,
          nzn_winding_woodlands_15x15_killbox, nzn_winding_woodlands_5x15_eye,
          nzn_winding_woodlands_5x15_default,
          nzn_winding_woodlands_5x15_sidewinder], layout_gridlike,
          minmay_slime_entry_pillars, lemuel_another_geyser
Lair:5:   cheibrodos_lair_end_hotspot, layout_long_grid
Orc:1:    layout_caves
Orc:2:    st_orc_open, layout_caves, minmay_orc_keep

Skill      XL: |  1  2  3  4  5  6  7  8  9 10 11 12 13 14 |
---------------+-------------------------------------------+-----
Summonings     | 5 6 7 8 9 10 12 13 14 | 14.4
Spellcasting   | 3 4 5 6 7 8 10 | 10.7
Air Magic      | 2 5 |  5.0
Fighting       | 2 4 6 8 10 11 12 | 12.1
Hexes          | 1 2 4 5 |  5.0
Dodging        | 3 5 7 9 12 | 12.0
Stealth        | 3 4 |  4.0
Necromancy     | 4 9 11 | 11.1

Action                     |  1- 3 |  4- 6 |  7- 9 | 10-12 | 13-15 || total
---------------------------+-------+-------+-------+-------+-------++-------
  Melee: Dagger            |       |     8 |       |       |       ||     8
         Kick              |       |     3 |    12 |    15 |    37 ||    67
         Peck              |       |     1 |     4 |     7 |    19 ||    31
         Spear             |       |       |    40 |    65 |   121 ||   226
         Punch             |       |       |       |     1 |     1 ||     2
   Cast: Summon Small Mamm |    47 |     9 |       |     5 |       ||    61
         Call Imp          |    11 |    14 |    19 |    27 |    38 ||   109
         Call Canine Famil |     1 |    18 |    28 |    47 |    64 ||   158
         Summon Lightning  |       |       |    26 |    73 |    84 ||   183
         Summon Guardian G |       |       |     4 |    47 |    49 ||   100
         Anguish           |       |       |       |       |     4 ||     4
  Evoke: Wand              |       |       |       |       |     1 ||     1
    Use: Scroll            |       |     6 |     4 |    11 |     2 ||    23
         Potion            |       |       |       |     1 |     8 ||     9
   Stab: Sleeping          |       |       |     2 |       |       ||     2
         Distracted        |       |       |       |     4 |     3 ||     7
 Armour: Robe              |     3 |     2 |     5 |     5 |       ||    15
         Skin              |       |       |       |    12 |       ||    12
         Troll leather arm |       |       |       |     9 |    23 ||    32
  Dodge: Dodged            |     6 |    25 |    58 |    79 |   153 ||   321

Table legend: (Time is in decaauts)
 A = Elapsed time spent in this place.
 B = Non-inter-level travel time spent in this place.
 C = Inter-level travel time spent in this place.
 D = Time resting spent in this place.
 E = Time spent auto-exploring this place.
 F = Levels seen in this place.
 G = Mean time per level.
                   A        B        C        D        E       F      G
               +--------+--------+--------+--------+--------+-----+--------+
         Total |  23313 |  21785 |   1528 |   8635 |   8537 |  19 | 1227.0 |
       Dungeon |  12972 |  11823 |   1149 |   3900 |   5439 |  11 | 1179.3 |
        Temple |     43 |     12 |     31 |      0 |      0 |   1 |   43.0 |
          Lair |  10025 |   9678 |    347 |   4677 |   2983 |   5 | 2005.0 |
  Orcish Mines |    272 |    272 |      0 |     58 |    114 |   2 |  136.0 |
               +--------+--------+--------+--------+--------+-----+--------+

Top non-repeatable levels by time:
  Lair:4: 2900 daAuts
  Lair:5: 2534 daAuts
    D:10: 2043 daAuts
     D:6: 1887 daAuts
  Lair:2: 1739 daAuts
     D:8: 1493 daAuts
  Lair:3: 1465 daAuts
  Lair:1: 1385 daAuts
     D:1: 1329 daAuts
     D:3: 1324 daAuts
     D:9: 1263 daAuts
    D:11: 928 daAuts
     D:5: 880 daAuts
     D:7: 664 daAuts
     D:4: 604 daAuts
